 Dungeon Crawl Stone Soup version 0.28.0-45-g0d030f2227 (webtiles) character file.

Game seed: 17994201073461375659

29 McKennaii the Conjurer (level 3, 24/24 HPs)
             Began as a Demonspawn Conjurer on Apr 14, 2022.
             Quit the game on level 2 of the Dungeon.
             The game lasted 00:00:44 (1780 turns).

McKennaii the Conjurer (Demonspawn Conjurer)        Turns: 1780, Time: 00:00:45

Health: 24/24      AC:  3    Str:  7    XL:     3   Next: 1%
Magic:  0/7        EV: 12    Int: 21    God:
Gold:   56         SH:  0    Dex: 11    Spells: 6/7 levels left

rFire   . . .      SeeInvis .   b - staff of earth
rCold   . . .      Faith    .   (no shield)
rNeg    . . .      Spirit   .   a - +0 robe
rPois   .          Reflect  .   (helmet restricted)
rElec   .          Harm     .   c - +0 cloak
rCorr   .          Rampage  .   (no gloves)
Will    .....                   (no boots)
Stlth   ++........              (no amulet)
HPRegen 0.08/turn               (no ring)
MPRegen 0.10/turn               (no ring)

@: no status effects
A: antennae 1, ignite blood 1
a: no special abilities


You were on level 2 of the Dungeon.
You visited 1 branch of the dungeon, and saw 2 of its levels.

You collected 56 gold pieces.

Inventory:

Armour
 a - a +0 robe (worn)
 c - a +0 cloak (worn)
Magical Staves
 b - a staff of earth (weapon)
Scrolls
 d - a scroll of vulnerability {unknown}
 f - a scroll of identify {unknown}
 g - a scroll of fog {unknown}
 h - 2 scrolls of immolation {unknown}
 j - a scroll of amnesia {unknown}
 k - a scroll of teleportation {unknown}
Potions
 e - a potion of attraction {unknown}
 i - a potion of brilliance {unknown}


   Skills:
 - Level 1.7 Dodging
 - Level 1.7 Stealth
 + Level 2.7 Spellcasting
 + Level 4.5 Conjurations


You had 6 spell levels left.
You knew the following spells:

 Your Spells              Type           Power      Damage    Failure   Level
a - Magic Dart            Conj           84%        1d7       2%          1

Your spell library contained the following spells:

 Spells                   Type           Power      Damage    Failure   Level
 Searing Ray              Conj           42%        2d6       3%          2
 Dazzling Flash           Conj/Hex       24%        N/A       16%         3
 Fulminant Prism          Conj/Hex       6%         3d7       47%         4
 Iskenderun's Mystic Bla  Conj/Tloc      12%        2d5       47%         4


Dungeon Overview and Level Annotations

Branches:
Dungeon (2/15)

Altars:


Innate Abilities, Weirdness & Mutations

You have a pair of small antennae on your head.
Your demonic aura sometimes causes spilled blood to erupt in flames.


Message History

The magic dart hits the goblin.
You kill the goblin!
Found a stone staircase leading down.
You can't see any susceptible monsters within range! (Use Z to cast anyway.)
Things that are here:
a +0 dagger; a kobold corpse You can't see any susceptible monsters within range! (Use Z to cast anyway.)
You now have 56 gold pieces (gained 13).
Things that are here:
a +0 whip; a goblin corpse You can't see any susceptible monsters within range! (Use Z to cast anyway.)
k - a scroll labelled BUT XAOKHLIWK You can't see any susceptible monsters within range! (Use Z to cast anyway.)
There is a stone staircase leading down here.
There is a shaft here.
A dart slug comes into view.
The magic dart hits the dart slug.
The dart slug is heavily wounded.
A dart slug is nearby!
The magic dart hits the dart slug but does no damage.
The dart slug is heavily wounded.
The dart slug launches a dart at you. The slug dart misses you.
A dart slug is nearby!
The magic dart hits the dart slug but does no damage.
The dart slug is heavily wounded.
The dart slug launches a dart at you. The slug dart misses you.
A dart slug is nearby!
The magic dart hits the dart slug.
The dart slug is severely wounded.
A dart slug is nearby!
The magic dart hits the dart slug.
You kill the dart slug!
You have reached level 3!
Your experience leads to an increase in your attributes!
Increase (S)trength, (I)ntelligence, or (D)exterity?
You feel clever. x2; Your demonic ancestry asserts itself...
Your blood heats up.
Are you sure you want to abandon this character and quit the game? (Confirm with "yes".)

#..........#
#..........##
#............
#...>........
#..)..)....#
##...^######
#)...# # #
###....####...#
#......@...(..#
#.............#
#..............
#...†.........#
#####.###.#....
#.# #.#!..†
#####.###.# ...
#######
#......##.# ..
#......
#......##.#
#......


There were no monsters in sight!

Vanquished Creatures
  A dart slug (D:2)
  3 endoplasms (D:1)
  5 goblins
  3 hobgoblins (D:1)
  2 kobolds
  3 quokkas (D:1)
  2 ball pythons
  A bat (D:1)
  2 frilled lizards (D:1)
  2 rats
24 creatures vanquished.

Notes
Turn   | Place    | Note
-------+----------+-------------------------------------------
     0 | D:1      | McKennaii the Demonspawn Conjurer began the quest for the
                  | Orb.
     0 | D:1      | Reached XP level 1. HP: 13/13 MP: 3/3
   658 | D:1      | Gained mutation: You have a pair of small antennae on your
                  | head. [demonic ancestry]
   658 | D:1      | Reached XP level 2. HP: 19/19 MP: 0/5
   763 | D:1      | Found a faded altar of an unknown god.
  1780 | D:2      | Gained mutation: Your demonic aura sometimes causes spilled
                  | blood to erupt in flames. [demonic ancestry]
  1780 | D:2      | Reached XP level 3. HP: 24/24 MP: 0/7
  1780 | D:2      | Quit the game

Illustrated notes

Levels and vault maps discovered:
D:1:      giann_horns, layout_loops_ring, hellmonk_ecumenical_altar_zigzags
D:2:      layout_basic, basic_altar

Action                   || total
-------------------------++-------
Melee: Staff             ||    12
 Cast: Magic Dart        ||    52
Armor: Robe              ||     3
Dodge: Dodged            ||    12
